 Dungeon Crawl Stone Soup version 0.28.0-1-gb440e238dd (webtiles) character file.

Game seed: 6647782379342988989

212 Kaptain the Magician (level 5, -6/36 HPs)
             Began as an Octopode Transmuter on Feb 21, 2022.
             Mangled by a gnoll (14 damage)
             ... on level 3 of the Dungeon.
             The game lasted 00:04:02 (2315 turns).

Kaptain the Magician (Octopode Transmuter)          Turns: 2315, Time: 00:04:03

Health: -6/36      AC:  1    Str:  9    XL:     5   Next: 89%
Magic:  8/10       EV: 13    Int: 18    God:
Gold:   72         SH:  0    Dex: 12    Spells: 8/11 levels left

rFire   . . .      SeeInvis .   k - +9 mace of Lies {vorpal, rCorr}
rCold   . . .      Faith    .   (no shield)
rNeg    . . .      Spirit   .   (helmet currently unavailable)
rPois   .          Reflect  .   (no amulet)
rElec   .          Harm     .   (no ring)
rCorr   +          Rampage  .   (no ring)
Will    .....                   (no ring)
Stlth   +++.......              (no ring)
HPRegen 0.12/turn               (no ring)
MPRegen 0.12/turn               (no ring)
                                (no ring)
                                (no ring)

@: appendages, wereblooded (expiring)
A: tentacle spike 3, almost no armour, amphibious, 8 rings, camouflage 1,
gelatinous body 1, (nimble swimmer 1), tentacles
a: End Transformation


You were on level 3 of the Dungeon.
One of your tentacles had grown a beastly spike.
You visited 1 branch of the dungeon, and saw 3 of its levels.

You collected 72 gold pieces.

Inventory:

Hand Weapons
 a - a +0 short sword
 i - a +3 dagger of electrocution
 k - the +9 mace of Lies (weapon) {vorpal, rCorr}
   (You found it on level 2 of the Dungeon)

   It inflicts extra damage upon your enemies.
   rCorr:     It protects you from acid and corrosion.
Missiles
 b - 41 stones
Scrolls
 f - 2 scrolls of identify {unknown}
 g - 2 scrolls of teleportation {unknown}
 h - a scroll of noise {unknown}
 l - 3 scrolls of amnesia {unknown}
Potions
 c - a potion of mutation {unknown}
 e - a potion of haste {unknown}
 j - a potion of attraction {unknown}


   Skills:
 * Level 3.2 Fighting
 + Level 2.9 Dodging
 + Level 3.0 Stealth
 - Level 3.0 Unarmed Combat
 * Level 3.5 Spellcasting
 - Level 2.0 Transmutations


You had 8 spell levels left.
You knew the following spells:

 Your Spells              Type           Power      Damage    Failure   Level
a - Beastly Appendage     Tmut           20%        N/A       7%          1
b - Wereblood             Tmut           10%        N/A       11%         2

Your spell library contained the following spells:

 Spells                   Type           Power      Damage    Failure   Level
 Spider Form              Tmut/Pois      6%         N/A       30%         3
 Ice Form                 Ice/Tmut       6%         N/A       71%         4


Dungeon Overview and Level Annotations

Branches:
Dungeon (3/15)

Altars:

Annotations:
D:3 1 runed translucent door, onwiheg's ghost, amateur FoFi


Innate Abilities, Weirdness & Mutations

One of your tentacles has grown a beastly spike.
You cannot wear most types of armour.
You are amphibious.
You can wear up to eight rings at the same time.
Your skin changes colour to match your surroundings (Stealth+).
Your rubbery body absorbs attacks. (AC +1, EV +1)
((You are camouflaged when in or above water. (Stealth+)))
You have tentacles for arms and can constrict up to eight enemies at once.


Message History

Casting: Wereblood (safe; 11% risk of failure)
Confirm with . or Enter, or press ? or * to list all spells.
One of your tentacles grows a vicious spike.
A gnoll comes into view.
It is wielding a +1 halberd of holy wrath.
You barely miss the gnoll.
The gnoll shouts!
You grab the gnoll.
You pierce the gnoll.
You squeeze the gnoll!
The gnoll is almost dead.
You constrict the gnoll.
The gnoll struggles to escape constriction.
A frilled lizard comes into view.
The gnoll shouts!
You hit the gnoll.
You kill the gnoll!
The frilled lizard unfolds its giant frill.
The gnoll barely misses you.
A ball python comes into view.
The gnoll barely misses you. The gnoll hits you with a +0 spear.
The gnoll hits you from afar with a +0 spear!
Onwiheg's ghost screams, "Don't try to defend!
You have no chance!"
You howl as the wereblood boils in your veins!
Your transformation is almost over.
You hear an angry hiss.
Your primal bloodlust is almost over.
Your tentacle spike disappears.
The gnoll hits you with a +1 halberd of holy wrath!
You barely miss the gnoll. You grab the gnoll.
You howl as the wereblood boils in your veins!
You constrict the gnoll.
The gnoll hits you with a +1 halberd of holy wrath!
* * * LOW HITPOINT WARNING * * *
Unknown command.
Casting: Beastly Appendage (safe; 7% risk of failure)
Confirm with . or Enter, or press ? or * to list all spells.
One of your tentacles grows a vicious spike.
You howl as the wereblood boils in your veins!
You constrict the gnoll, but do no damage.
The gnoll hits you with a +1 halberd of holy wrath!
You die...

##.#######.#.#.#
#.#.#(# #g#.#.#
#.#.#.# #g#.#.#
#.#.#.# #.#...#
#g###.# #gg@..#
#.###.# ### #.#
#.# #.# #.# #<#
###


You could see 3 gnolls.

Vanquished Creatures
  Jessica (D:2)
  Natasha (thrice) (D:2)
  A hound zombie (D:3)
  Robin (D:2)
  A gnoll (D:3)
  2 adders (D:2)
  A worm (D:2)
  2 dart slugs (D:1)
  6 endoplasms
  A giant cockroach (D:2)
  10 goblins
  3 hobgoblins
  5 kobolds
  2 quokkas (D:1)
  5 ball pythons
  4 bats
  2 frilled lizards
  2 rats
52 creatures vanquished.

Vanquished Creatures (others)
  49 plants (D:2)
49 creatures vanquished.

Grand Total: 101 creatures vanquished

Notes
Turn   | Place    | Note
-------+----------+-------------------------------------------
     0 | D:1      | Kaptain the Octopode Transmuter began the quest for the
                  | Orb.
     0 | D:1      | Reached XP level 1. HP: 13/13 MP: 3/3
   393 | D:1      | Reached XP level 2. HP: 18/18 MP: 3/5
   447 | D:1      | Reached skill level 1 in Stealth
   858 | D:1      | Reached XP level 3. HP: 22/24 MP: 4/6
  1320 | D:2      | Noticed Jessica
  1322 | D:2      | Killed Jessica
  1323 | D:2      | Reached XP level 4. HP: 29/29 MP: 6/8
  1421 | D:2      | Noticed Natasha
  1422 | D:2      | Identified the +9 mace of Lies {vorpal, rCorr}
  1430 | D:2      | Killed Natasha
  1566 | D:2      | Noticed Natasha
  1571 | D:2      | Killed Natasha
  1649 | D:2      | Reached XP level 5. HP: 35/35 MP: 9/9
  1760 | D:2      | Noticed Robin
  1924 | D:2      | Killed Robin
  2094 | D:2      | Noticed Natasha
  2100 | D:2      | Killed Natasha
  2202 | D:2      | Learned a level 2 spell: Wereblood
  2284 | D:3      | Found a runed translucent door.
  2288 | D:3      | Noticed onwiheg's ghost (amateur FoFi)
  2315 | D:3      | Mangled by a gnoll

Illustrated notes

Levels and vault maps discovered:
D:1:      minmay_arrival_nine_rooms, layout_basic, minmay_misc_feat_ornament,
          st_stairs_8
D:2:      layout_loops_ring, kennysheep_boxes, uniq_robin, uniq_jessica,
          uniq_natasha
D:3:      layout_basic, hellmonk_ghost_happy_afterlife, basic_ecumenical_altar,
          glass_columns_a, kennysheep_generic_room_14

Skill      XL: |  1  2  3  4  5 |
---------------+----------------+-----
Stealth        | 1 2 3 |  3.0
Fighting       | 2 3 |  3.2
Spellcasting   | 3 |  3.5
Dodging        | |  2.9
Unarmed Combat | |  3.0
Transmutations | |  2.0

Action                   |  1- 3 |  4- 6 || total
-------------------------+-------+-------++-------
Melee: Short sword       |    38 |       ||    38
       Unarmed           |     5 |       ||     5
       Tentacles         |     8 |     7 ||    15
       Kick              |    11 |    10 ||    21
       Constrict         |     8 |    11 ||    19
       Punch             |     2 |     1 ||     3
       Dagger            |     2 |     6 ||     8
       Mace              |       |    37 ||    37
 Cast: Beastly Appendage |    14 |    19 ||    33
       Wereblood         |       |     2 ||     2
  Use: Scroll            |       |     1 ||     1
 Stab: Sleeping          |     3 |     3 ||     6
Armor: Skin              |     7 |     4 ||    11
Dodge: Dodged            |    29 |    23 ||    52
